 Dungeon Crawl Stone Soup version 0.32-a0-20-ge526923d97 (webtiles) character file.

Game seed: 15285128027307203744

214976 jasper the Unseen (level 19, 0/125 HPs)
             Began as a Kobold Berserker on Jan 17, 2024.
             Was a High Priest of Lugonu.
             Slain by a death yak (8 damage)
             ... led by Polyphemus
             ... while petrified by a catoblepas
             ... on level 3 of the Shoals.
             The game lasted 01:09:22 (39037 turns).

jasper the Unseen (Kobold Berserker)               Turns: 39037, Time: 01:09:23

Health: 0/125      AC: 26    Str: 14 (19) XL:     19   Next: 73%
Magic:  26/26      EV:  3    Int: 10      God:    Lugonu [*****.]
Gold:   1619       SH:  0    Dex: 26      Spells: 18/18 levels left

rFire   + + .        d - +6 quick blade (drain)
rCold   . . .        J - +1 kite shield {AC+3}
rNeg    + + +        T - +7 scale mail of Ybeav {rElec rF+ Str+3}
rPois   ∞            m - +1 helmet
rElec   +            h - +0 cloak
rCorr   +            y - +2 pair of gloves of the Arcane {Rampage rCorr Dex+2}
SInv    .            (no boots)
Will    +....        p - amulet "Biodeos" {Reflect rElec rPois Int-2 Dex+3 SH+5}
Stlth   ++++++++     S - ring of flight
HPRegen 0.40/turn    q - ring of Maogeal {^Contam rElec rF+ Int+4}
MPRegen 0.20/turn

%: reflection, rampage
@: petrified, flying
A: small, no large weapons, nightstalker 3, low MP 1
}: 1/15 runes: serpentine
a: Renounce Religion, Depart the Abyss, Banish, Corrupt, Enter the Abyss


You were on level 3 of the Shoals.
You worshipped Lugonu.
Lugonu was extremely pleased with you.
You visited 7 branches of the dungeon, and saw 31 of its levels.
You visited the Abyss 2 times.
You also visited: Gauntlet and Volcano.

You collected 2649 gold pieces.
You spent 1030 gold pieces at shops.

Inventory:

Hand Weapons
 b - the +8 rapier of Classification {antimagic, rPois rC- Dex+4}
   (You found it on level 5 of the Lair of Beasts)

   Dex+4:     It affects your dexterity (+4).
   rC-:       It makes you vulnerable to cold.
   rPois:     It protects you from poison
 d - a +6 quick blade of draining (weapon)
Missiles
 j - 8 throwing nets
 M - 8 curare-tipped darts
 R - 40 boomerangs (quivered)
Armour
 h - a +0 cloak (worn)
 m - a +1 helmet (worn)
 y - the +2 pair of gloves of the Arcane (worn) {Rampage rCorr Dex+2}
   (You found it in a Gauntlet)

   Dex+2:     It affects your dexterity (+2).
   rCorr:     It protects you from acid and corrosion.
   Rampage:   It bestows one free step when moving towards enemies.
 J - a +1 kite shield of protection (worn)
 T - the +7 scale mail of Ybeav (worn) {rElec rF+ Str+3}
   (You found it on level 11 of the Dungeon)

   Str+3:     It affects your strength (+3).
   rF+:       It protects you from fire.
   rElec:     It insulates you from electricity.
Jewellery
 l - a ring of poison resistance
 o - a ring of protection from cold
 p - the amulet "Biodeos" (around neck) {Reflect rElec rPois Int-2 Dex+3 SH+5}
   (You acquired it on level 4 of the Snake Pit)

   [amulet of reflection]

   Reflect:   It reflects blocked missile attacks.
   Int-2:     It affects your intelligence (-2).
   Dex+3:     It affects your dexterity (+3).
   rElec:     It insulates you from electricity.
   rPois:     It protects you from poison SH+5: It affects your SH (+5).
 q - the ring of Maogeal (right hand) {^Contam rElec rF+ Int+4}
   (You acquired it on level 4 of the Dungeon)

   [ring of protection from fire]

   Int+4:     It affects your intelligence (+4).
   rF+:       It protects you from fire.
   rElec:     It insulates you from electricity.
   ^Contam:   It causes magical contamination when unequipped.
 A - a +4 ring of protection
 L - a ring of see invisible
 S - a ring of flight (left hand)
 U - an amulet of regeneration
Wands
 f - a wand of quicksilver (7)
 w - a wand of mindburst (25)
 z - a wand of polymorph (8)
 E - a wand of flame (90)
 F - a wand of paralysis (6)
 Q - a wand of digging (6)
 X - a wand of iceblast (33)
Scrolls
 e - 3 scrolls of vulnerability
 k - 4 scrolls of enchant armour
 r - a scroll of poison
 v - a scroll of revelation
 x - 4 scrolls of immolation
 I - 4 scrolls of blinking
 K - 2 scrolls of summoning
 V - 13 scrolls of identify
 W - 2 scrolls of teleportation
 Y - 2 scrolls of fog
 Z - a scroll of silence
Potions
 g - 2 potions of might
 i - a potion of resistance
 n - 5 potions of haste
 s - 3 potions of degeneration
 t - a potion of brilliance
 u - 5 potions of mutation
 B - 4 potions of enlightenment
 C - 6 potions of magic
 D - 3 potions of attraction
 G - 2 potions of cancellation
 H - a potion of curing
 N - 2 potions of lignification
 O - 3 potions of heal wounds
 P - a potion of invisibility
Miscellaneous
 a - a lightning rod (4/4)
 c - a phantom mirror


   Skills:
 + Level 15.8 Fighting
 - Level 14.0 Short Blades
 - Level 5.0 Throwing
 - Level 10.0 Armour
 + Level 16.9 Dodging
 + Level 19.4 Stealth
 + Level 11.6 Shields
 * Level 13.8 Invocations


You had 18 spell levels left.
You didn't know any spells.
Your spell library contained the following spells:

 Spells                   Type           Power      Damage    Failure   Level
 Foxfire                  Conj/Fire      0%         2x1d4     95%         1
 Plasma Beam              Fire/Air       0%         2x1d10    100%        6
 Starburst                Conj/Fire      0%         6d3       100%        6


Dungeon Overview and Level Annotations

Branches:
Dungeon (15/15)            Temple (0/1) D:7            Lair (5/5) D:9
 Shoals (3/4) Lair:3        Snake (4/4) Lair:2        Slime (0/5) Lair:5
    Orc (2/2) D:10            Elf (1/3) Orc:2        Vaults (0/5) D:13
 Depths (1/4) D:15        Volcano (visited)         Gauntlet (visited)

Altars:
Ashenzari
Cheibriados
Elyvilon
Fedhas
Hepliaklqana
Kikubaaqudgha
Nemelex Xobeh
Sif Muna
Trog
Uskayaw
Vehumet
Wu Jian
Xom
The Shining One
Jiyva

Shops:
D:2 [   D:7 *   D:15 (   Orc:2 =?((!   Snake:3 :   Snake:4 :

Portals:
Hell: Depths:1

Annotations:
D:7 exclusion: statue
D:13 1 runed translucent door, Sirjeffry24's ghost, journeyman HOFi
Lair:1 exclusion: oklob plant
Shoals:1 2 transporters, yuxiaojun's ghost, adept HOMo
Shoals:3 Polyphemus
Snake:2 Mlioglotl
Snake:4 Roxanne


Innate Abilities, Weirdness & Mutations

You are small and have problems with some larger weapons.
You are completely attuned to the shadows.
Your magical capacity is low. (-10% MP)


Message History

Polyphemus is engulfed in calcifying dust.
Polyphemus is moving more slowly.
Polyphemus barely misses you. Polyphemus hits you!
The death yak gores you but does no damage.
You are engulfed in calcifying dust.
The catoblepas gores you.
The death yak gores you but does no damage. x2
Polyphemus is engulfed in calcifying dust.
Polyphemus stops moving altogether!
The death yak gores you but does no damage.
The catoblepas barely misses you. The death yak gores you!
Polyphemus is engulfed in calcifying dust.
The death yak gores you! x2
The catoblepas gores you.
The death yak gores you but does no damage.
The death yak gores you.
Polyphemus is engulfed in calcifying dust.
The death yak gores you but does no damage.
The catoblepas gores you but does no damage.
The death yak gores you but does no damage. x2
The death yak gores you!
The catoblepas gores you but does no damage.
The death yak gores you but does no damage. x2
The death yak gores you!
Polyphemus is no longer petrified.
The catoblepas gores you!!
The death yak gores you but does no damage.
The death yak gores you!
The death yak gores you but does no damage.
The catoblepas gores you. The death yak gores you!
* * * LOW HITPOINT WARNING * * *
The death yak gores you but does no damage.
Polyphemus hits you!!
* * * LOW HITPOINT WARNING * * *
Polyphemus hits you but does no damage. The death yak gores you!
* * * LOW HITPOINT WARNING * * *
The catoblepas barely misses you. The death yak gores you!
* * * LOW HITPOINT WARNING * * *
Polyphemus hits you.
* * * LOW HITPOINT WARNING * * *
Polyphemus completely misses you. The death yak gores you!
You die...

~~...~~~~....~..~~~~~~~~~≈≈≈≈≈≈≈≈
~~...~~~~.......~~~~~~~~≈≈≈≈≈≈≈≈≈
)~~~.~~~~.~.#......~~~†.~≈≈≈≈≈≈≈≈
~~~~~~~~~~~..###..~~~~.~~≈≈≈≈≈≈≈≈
~~~~~~~~~~~..##...~~~~~~~≈≈≈≈≈≈≈≈
≈≈≈≈≈~~~~~~........~~~...~≈≈≈≈≈≈≈
≈≈≈≈≈≈≈≈≈~~~...~~...~....~~≈≈≈≈≈≈
≈≈≈≈≈≈≈≈≈~~~..[YY###.. ~~≈≈≈≈≈≈≈
≈≈≈≈≈≈≈~~~~....~@##..~ ~~≈≈≈≈≈≈≈
≈≈≈≈≈≈≈~~~~~...YCY...~ ~≈≈≈≈≈≈≈≈
≈≈≈≈≈≈≈~~~~~../......~ ~≈≈≈≈≈≈≈≈
≈≈≈≈≈≈≈≈≈≈~~~.......~~ ~≈≈≈≈≈≈≈≈
≈≈≈≈≈≈≈≈≈ ~..~~...~~ ≈≈≈≈≈≈≈≈≈
~~~~~.~~~~ ≈≈≈≈≈≈≈≈≈ ≈~~~~~~~~~
≈≈≈≈≈≈≈≈≈ ≈~~~~~~~≈ ≈≈≈≈≈≈≈≈≈
≈≈≈≈≈≈≈≈≈


You could see Polyphemus, 3 death yaks and a catoblepas (drained).

Vanquished Creatures
  Vashnia (Snake:4)
  3 tentacled starspawn
  Frances (Shoals:1)
  Aizul (Snake:1)
  A kraken (Shoals:2)
  Ilsuiw (Shoals:2)
  6 nagarajas
  A deep elf sorcerer (Abyss:5)
  Louise (Snake:3)
  2 very ugly things
  3 stone giants
  A minotaur (Gauntlet)
  3 merfolk impalers
  2 rakshasas (D:15)
  8 hydras
  A catoblepas (Lair:5)
  An alligator snapping turtle (Shoals:1)
  8 two-headed ogres
  4 merfolk avatars
  5 centaur warriors
  4 salamander tyrants (Snake:4)
  A boulder beetle (D:11)
  9 anacondas
  A dancing weapon (Elf:1)
  A tengu warrior (Gauntlet)
  A deep troll earth mage (Depths:1)
  A deep troll shaman (Lair:5)
  7 death yaks
  A satyr (Shoals:3)
  10 naga warriors
  5 orc high priests (Orc:2)
  14 naga sharpshooters
  9 shock serpents
  An iron troll (Depths:1)
  9 salamander mystics
  5 skysharks
  7 skeletal warriors
  5 naga ritualists
  2 deep trolls (Depths:1)
  5 mana vipers
  A spatial maelstrom (Abyss:4)
  8 sea snakes (Shoals:2)
  A glowing orange brain (D:15)
  2 lindwurms (Lair:5)
  12 slime creatures
  Pikel (D:5)
  A deep elf archer (Elf:1)
  10 harpies
  A necromancer (D:13)
  A deep elf zephyrmancer (Elf:1)
  9 ugly things
  6 orc knights
  10 fauns
  3 orc sorcerers
  9 deep elf pyromancers
  10 elephants
  11 manticores
  12 cyclopes
  16 salamanders
  5 merfolk sirens
  4 water nymphs
  30 black mambas
  7 guardian serpents
  A smoke demon (Abyss:5)
  An ice statue (Snake:3)
  2 molten gargoyles (Volcano)
  2 torpor snails
  2 gargoyles (Volcano)
  Jeremiah (D:6)
  23 naga magi
  3 rime drakes
  12 cane toads
  An unseen horror (D:12)
  3 tengu conjurers
  10 komodo dragons
  An efreet (D:15)
  An ancient zyme (Abyss:5)
  5 trolls
  A troll (shapeshifter) (D:13)
  A hellwing (Abyss:5)
  Grinder (D:3)
  A polar bear (shapeshifter) (D:13)
  Prince Ribbit (D:5)
  7 polar bears
  A hornet (D:9)
  A raiju (Gauntlet)
  12 blink frogs
  21 merfolk
  A snapping turtle (shapeshifter) (D:15)
  5 wind drakes
  7 snapping turtles
  13 dream sheep
  Sigmund (D:3)
  2 wraiths
  A vampire (D:12)
  56 yaks
  3 water elementals (Shoals:1)
  A wyvern (shapeshifter) (D:14)
  2 shadows
  4 basilisks
  4 wargs (Orc:2)
  6 wyverns
  Eustachio (D:4)
  4 steam dragons
  9 vampire mosquitoes
  A naga (shapeshifter) (D:13)
  41 nagas
  14 water moccasins
  A hell hound (Abyss:5)
  A laughing skull (Abyss:5)
  43 orc warriors
  3 black bears
  3 ice beasts
  A black bear (shapeshifter) (D:15)
  8 wolves
  11 centaurs
  10 ogres
  6 kobold brigands
  Blork the orc (D:5)
  13 bullfrogs
  A gnoll sergeant (D:7)
  2 scorpions
  16 killer bees
  10 howler monkeys
  An electric eel (D:6)
  3 bombardier beetles
  2 gnoll boudas
  4 hounds
  34 orc priests
  9 jellies
  Crazy Yiuf (D:4)
  Jessica (D:3)
  3 iguanas
  A sleepcap (D:6)
  21 orc wizards
  4 hell rats (Lair:4)
  Robin (D:2)
  10 gnolls
  4 adders
  3 white imps
  A dart slug (D:1)
  A ribbon worm (D:3)
  115 orcs
  8 ball pythons
  6 endoplasms
  3 giant cockroaches
  11 goblins
  11 hobgoblins
  28 kobolds
  3 quokkas
  3 training dummies (D:15)
  5 bats
  7 frilled lizards
  7 rats
1054 creatures vanquished.

Vanquished Creatures (collateral kills)
  A red draconian (Volcano)
  2 orc knights (Orc:2)
  A molten gargoyle (Volcano)
  A small abomination (Abyss:5)
  4 hell hounds (Abyss:5)
  3 orc warriors (Orc:2)
  2 weeping skulls (Abyss:5)
  3 orc priests (Orc:2)
  2 orcs (Orc:2)
19 creatures vanquished.

Vanquished Creatures (others)
  A lich (Abyss:5)
  An ogre mage (Abyss:4)
  3 molten gargoyles (Volcano)
  3 fire bats (Abyss:4)
  A chaos spawn (Abyss:4)
  An orc wizard (D:5)
  An orc (Orc:1)
  8 starspawn tentacles
19 creatures vanquished.

Grand Total: 1092 creatures vanquished

Notes
Turn   | Place    | Note
-------+----------+-------------------------------------------
     0 | D:1      | jasper the Kobold Berserker began the quest for the Orb.
     0 | D:1      | Reached XP level 1. HP: 14/14 MP: 1/1
   249 | D:1      | Reached XP level 2. HP: 19/19 MP: 2/2
   450 | D:1      | Reached skill level 5 in Short Blades
   875 | D:1      | Reached XP level 3. HP: 23/23 MP: 3/3
   973 | D:2      | Noticed Robin
  1013 | D:1      | Reached ** piety under Trog
  1142 | D:2      | Killed Robin
  1143 | D:2      | Reached XP level 4. HP: 19/28 MP: 4/4
  1208 | D:2      | Found Zig Viex's Antique Armour Shoppe.
  2076 | D:2      | Bought a pair of gloves for 85 gold pieces
  2183 | D:3      | Noticed Sigmund
  2188 | D:3      | Noticed Grinder
  2196 | D:3      | Killed Sigmund
  2197 | D:3      | Reached XP level 5. HP: 32/32 MP: 5/5
  2197 | D:3      | Reached XP level 6. HP: 37/37 MP: 6/6
  2216 | D:3      | Killed Grinder
  2217 | D:3      | Reached skill level 10 in Short Blades
  2217 | D:3      | Reached XP level 7. HP: 28/41 MP: 7/7
  2435 | D:3      | Noticed a water moccasin
  2449 | D:3      | Killed a water moccasin
  2450 | D:3      | Reached skill level 1 in Throwing
  2450 | D:3      | Reached skill level 1 in Stealth
  2591 | D:3      | Noticed Jessica
  2595 | D:3      | Killed Jessica
  2606 | D:3      | Reached skill level 2 in Stealth
  2769 | D:3      | Found an ornate altar of the Wu Jian Council.
  3343 | D:3      | Identified a scroll of acquirement
  3343 | D:3      | Acquired a +2 vampiric quick blade
  3598 | D:4      | Reached XP level 8. HP: 48/48 MP: 8/8
  3678 | D:4      | Reached skill level 3 in Stealth
  3981 | D:4      | Found a runed translucent door.
  3984 | D:4      | Noticed Crazy Yiuf
  3989 | D:4      | Killed Crazy Yiuf
  4192 | D:4      | Noticed Eustachio
  4216 | D:4      | Killed Eustachio
  4362 | D:4      | Acquired the ring of Maogeal {^Contam rElec rF+ Int+4}
  4379 | D:5      | Entered Level 5 of the Dungeon
  4397 | D:5      | Found a broken altar of Ashenzari.
  4639 | D:5      | Noticed Pikel
  4661 | D:5      | Killed Pikel
  4662 | D:5      | Reached skill level 5 in Fighting
  4662 | D:5      | Reached skill level 5 in Dodging
  4662 | D:5      | Reached skill level 5 in Stealth
  4662 | D:5      | Reached XP level 9. HP: 50/54 MP: 9/9
  4720 | D:5      | Reached *** piety under Trog
  4894 | D:5      | Found a hide-covered altar of Uskayaw.
  5064 | D:5      | Noticed Blork the orc
  5071 | D:5      | Killed Blork the orc
  5360 | D:5      | Noticed Prince Ribbit
  5374 | D:5      | Killed Prince Ribbit
  5375 | D:5      | Reached skill level 1 in Shields
  5459 | D:6      | Reached skill level 6 in Stealth
  5645 | D:6      | Found a hazy altar of Hepliaklqana.
  5982 | D:6      | Reached skill level 5 in Throwing
  6004 | D:6      | Reached XP level 10. HP: 56/60 MP: 10/10
  6033 | D:6      | Found a bloodstained altar of Trog.
  6097 | D:6      | Noticed a two-headed ogre
  6113 | D:6      | Killed a two-headed ogre
  6113 | D:6      | Noticed Jeremiah
  6114 | D:6      | Reached skill level 7 in Stealth
  6145 | D:6      | Killed Jeremiah
  6668 | D:7      | Found a shimmering altar of Xom.
  6903 | D:7      | Found a staircase to the Ecumenical Temple.
  6971 | D:7      | Found Colaijeph's General Store.
  7007 | D:7      | Bought a potion of heal wounds for 65 gold pieces
  7028 | D:7      | Reached skill level 5 in Armour
  7156 | D:7      | Reached **** piety under Trog
  7305 | D:7      | Found a radiant altar of Vehumet.
  7343 | D:7      | Reached skill level 8 in Stealth
  7452 | D:7      | Found a shimmering blue altar of Sif Muna.
  7845 | D:8      | Reached XP level 11. HP: 61/67 MP: 11/11
  8083 | D:8      | Reached skill level 9 in Stealth
  8814 | D:9      | Found a staircase to the Lair.
  8963 | D:9      | Reached ***** piety under Trog
  9345 | D:9      | Noticed a two-headed ogre
  9375 | D:9      | Killed a two-headed ogre
  9472 | D:9      | Found a snail-covered altar of Cheibriados.
  9479 | D:9      | Found an ancient bone altar of Kikubaaqudgha.
  9480 | D:9      | Found a blossoming altar of Fedhas.
  9527 | D:9      | Noticed a red ugly thing
  9549 | D:9      | Killed a red ugly thing
  9643 | D:9      | Reached skill level 10 in Stealth
  9990 | D:10     | Entered Level 10 of the Dungeon
 10259 | D:10     | Found a white marble altar of Elyvilon.
 10382 | D:10     | Noticed a cyclops
 10395 | D:10     | Killed a cyclops
 10438 | D:10     | Reached skill level 5 in Shields
 10474 | D:10     | Found a staircase to the Orcish Mines.
 10947 | D:10     | Reached XP level 12. HP: 57/75 MP: 12/12
 11380 | D:11     | Noticed a two-headed ogre
 11392 | D:11     | Killed a two-headed ogre
 11553 | D:11     | Noticed a two-headed ogre
 11557 | D:11     | Killed a two-headed ogre
 11660 | D:11     | Reached skill level 11 in Stealth
 11705 | D:11     | Noticed a boulder beetle
 11710 | D:11     | Killed a boulder beetle
 11756 | D:11     | Identified the +7 scale mail of Ybeav {rElec rF+ Str+3}
 11946 | D:11     | Noticed a two-headed ogre
 11951 | D:11     | Killed a two-headed ogre
 11952 | D:11     | Reached skill level 10 in Dodging
 12165 | Lair:1   | Entered Level 1 of the Lair of Beasts
 12172 | Lair:1   | Found a sparkling altar of Nemelex Xobeh.
 12727 | Lair:1   | Reached skill level 10 in Fighting
 12754 | Lair:1   | Reached skill level 12 in Stealth
 12844 | Lair:1   | Reached XP level 13. HP: 82/82 MP: 13/13
 13790 | Lair:2   | Reached ****** piety under Trog
 13962 | Lair:2   | Reached skill level 13 in Stealth
 14252 | Lair:2   | Noticed a six-headed hydra
 14256 | Lair:2   | Killed a six-headed hydra
 14701 | Lair:2   | Found a staircase to the Snake Pit.
 15428 | Lair:3   | Identified the +6 scale mail "Wisoskeu" {rF- Will+ Str+2}
 15627 | Lair:3   | Found a staircase to the Shoals.
 15979 | Lair:3   | Received a gift from Trog
 15980 | Lair:3   | Reached XP level 14. HP: 90/90 MP: 14/14
 17522 | Orc:1    | Entered Level 1 of the Orcish Mines
 17666 | D:10     | Reached skill level 14 in Stealth
 17763 | Orc:1    | Received a gift from Trog
 18236 | Orc:2    | Entered Level 2 of the Orcish Mines
 18236 | Orc:2    | Found a staircase to the Elven Halls.
 18614 | Orc:2    | Found a dark tunnel.
 18640 | Volcano  | Entered a volcano
 19094 | Volcano  | Noticed an orb of fire
 19105 | Volcano  | Noticed a red draconian
 19108 | Volcano  | Noticed an orb of fire
 19129 | Volcano  | Killed a red draconian
 19574 | Orc:2    | Found Xedgh's Jewellery Emporium.
 19596 | Orc:2    | Received a gift from Trog
 20580 | Orc:2    | Received a gift from Trog
 20602 | Orc:2    | Reached skill level 15 in Stealth
 20871 | Orc:2    | Reached XP level 15. HP: 97/97 MP: 15/15
 21037 | Orc:2    | Found Viorin's Magic Scroll Emporium.
 21037 | Orc:2    | Found Osuffasm's Distillery.
 21038 | Orc:2    | Found Cisefot's Weapon Shoppe.
 21039 | Orc:2    | Found Mauskoe's Antique Weapon Emporium.
 21042 | Orc:2    | Bought a scroll of poison for 60 gold pieces
 21042 | Orc:2    | Bought a scroll of immolation for 60 gold pieces
 21042 | Orc:2    | Bought a scroll of summoning for 142 gold pieces
 21042 | Orc:2    | Bought a scroll of enchant armour for 112 gold pieces
 21046 | Orc:2    | Bought a potion of curing for 48 gold pieces
 21046 | Orc:2    | Bought a potion of heal wounds for 80 gold pieces
 21046 | Orc:2    | Bought a potion of ambrosia for 128 gold pieces
 21282 | Lair:5   | Entered Level 5 of the Lair of Beasts
 21375 | Lair:5   | Found a gate leading to a gauntlet.
 21404 | Gauntlet | Entered a Gauntlet
 21404 | Gauntlet | Found a transporter.
 21412 | Gauntlet | Found a runed translucent door.
 21413 | Gauntlet | Found a runed translucent door.
 21452 | Gauntlet | Found a transporter.
 21463 | Gauntlet | Found a transporter.
 21505 | Gauntlet | Found a transporter.
 21640 | Gauntlet | Found a transporter.
 21686 | Gauntlet | Found a transporter.
 21702 | Gauntlet | Found a transporter.
 21702 | Gauntlet | Found a transporter.
 21755 | Gauntlet | Found a transporter.
 21756 | Gauntlet | Found a transporter.
 21846 | Gauntlet | Identified the +2 pair of gloves of the Arcane {Rampage
                  | rCorr Dex+2}
 21943 | Gauntlet | Identified the +7 quarterstaff of Fae Optimality {venom,
                  | rPois Will+ Str-5}
 22198 | Lair:5   | Identified the +8 rapier of Classification {antimagic,
                  | rPois rC- Dex+4}
 22277 | Lair:5   | Identified the +1 longbow "Wasodu" {heavy, Int+4}
 22301 | Lair:5   | Found a staircase to the Slime Pits.
 22463 | Lair:5   | Found a viscous altar of Jiyva.
 23756 | D:12     | Received a gift from Trog
 24136 | D:13     | Found a runed translucent door.
 24142 | D:13     | Noticed Sirjeffry24's ghost (journeyman HOFi)
 24583 | D:13     | Reached XP level 16. HP: 103/103 MP: 16/16
 24923 | D:13     | Found a gate to the Vaults.
 24962 | D:13     | Reached skill level 10 in Armour
 24986 | D:13     | Reached skill level 16 in Stealth
 26412 | D:15     | Entered Level 15 of the Dungeon
 26537 | D:15     | Received a gift from Trog
 26583 | D:15     | Found Oxeadoqi's Firing Range.
 26589 | D:15     | Bought a throwing net for 57 gold pieces
 26589 | D:15     | Bought a throwing net for 57 gold pieces
 26589 | D:15     | Bought 6 curare-tipped darts for 136 gold pieces
 27036 | D:15     | Found a staircase to the Depths.
 27038 | D:15     | Reached skill level 17 in Stealth
 27214 | Depths:1 | Entered Level 1 of the Depths
 27241 | Depths:1 | Reached skill level 10 in Shields
 27320 | Depths:1 | Found a gateway to Hell.
 27459 | D:15     | Found a glowing golden altar of the Shining One.
 27671 | Elf:1    | Entered Level 1 of the Elven Halls
 27808 | Elf:1    | Reached skill level 15 in Dodging
 27867 | Orc:2    | Gained mutation: Your magical capacity is low. (-10% MP)
                  | [mutagenic glow]
 28056 | Abyss:4  | Cast into level 4 of the Abyss (unwielding a weapon of
                  | distortion)
 28151 | Abyss:4  | Noticed a tentacled starspawn
 28161 | Abyss:4  | Killed a tentacled starspawn
 28286 | Orc:2    | Escaped the Abyss
 28432 | Abyss:4  | Cast into level 4 of the Abyss (unwielding a weapon of
                  | distortion)
 28458 | Abyss:4  | Noticed a Hell Sentinel
 28479 | Abyss:4  | Noticed a lich
 28504 | Abyss:5  | Noticed a deep elf sorcerer
 28513 | Abyss:5  | Reached XP level 17. HP: 111/111 MP: 15/15
 28548 | Abyss:5  | Noticed a tentacled starspawn
 28576 | Abyss:5  | Killed a tentacled starspawn
 28581 | Abyss:5  | Noticed a lich
 28583 | Abyss:5  | Noticed a tentacled starspawn
 28594 | Abyss:5  | Killed a tentacled starspawn
 28610 | Abyss:5  | Killed a lich
 28675 | Abyss:5  | Noticed a tentacled starspawn
 28683 | Abyss:5  | HP: 1/105 [salamander/+0 spear (5)]
 28684 | Abyss:5  | Found a corrupted altar of Lugonu.
 28689 | Abyss:5  | Fell from the grace of Trog
 28689 | Abyss:5  | Became a worshipper of Lugonu the Unformed
 28689 | Abyss:5  | Reached * piety under Lugonu
 28689 | Abyss:5  | Reached ** piety under Lugonu
 28691 | Orc:2    | Escaped the Abyss
 29096 | Snake:1  | Entered Level 1 of the Snake Pit
 29199 | Snake:1  | Reached skill level 1 in Invocations
 29318 | Snake:1  | Identified the serpent talisman of the Pit {rCorr}
 29318 | Snake:1  | Noticed Aizul
 29348 | Snake:1  | Killed Aizul
 29989 | Snake:1  | Reached skill level 5 in Invocations
 30541 | Snake:2  | Noticed Mlioglotl
 30567 | Snake:2  | Noticed a tentacled starspawn
 30656 | Snake:3  | Noticed Louise
 30659 | Snake:3  | Killed Louise
 30697 | Snake:3  | Found a bloodstained altar of Trog.
 30972 | Snake:3  | Reached *** piety under Lugonu
 31160 | Snake:3  | Reached skill level 10 in Invocations
 31427 | Snake:3  | Found Hegaodiugi's Tiny Tomes.
 31467 | Snake:3  | Found a glacial archway.
 31712 | Snake:4  | Entered Level 4 of the Snake Pit
 31724 | Snake:4  | Reached XP level 18. HP: 110/117 MP: 23/23
 31828 | Snake:4  | Identified the +7 sling "Burullaf" {antimagic, *Corrode
                  | rElec rC+ rN++}
 31841 | Snake:4  | Noticed Roxanne
 32055 | Snake:3  | Reached skill level 18 in Stealth
 32363 | Snake:4  | Acquired the amulet "Biodeos" {Reflect rElec rPois Int-2
                  | Dex+3 SH+5}
 33002 | Snake:4  | Found Loczohig's Tremendous Tomes.
 33292 | Snake:4  | Paralysed by Trog for 7 turns
 33325 | Snake:4  | Noticed Vashnia
 33381 | Snake:4  | Reached skill level 15 in Fighting
 33394 | Snake:4  | Killed Vashnia
 33512 | Snake:4  | Reached **** piety under Lugonu
 33988 | Snake:4  | Got a serpentine rune of Zot
 34342 | Shoals:1 | Entered Level 1 of the Shoals
 34435 | Shoals:1 | Noticed Frances
 34452 | Shoals:1 | Killed Frances
 34465 | Shoals:1 | Found a transporter.
 34467 | Shoals:1 | Noticed yuxiaojun's ghost (adept HOMo)
 34480 | Shoals:1 | You fall into a shaft and drop 1 floor!
 34491 | Shoals:2 | Reached XP level 19. HP: 120/124 MP: 25/25
 34702 | Shoals:2 | Noticed Ilsuiw
 34754 | Shoals:2 | Killed Ilsuiw
 35208 | Shoals:2 | Reached skill level 19 in Stealth
 35211 | Shoals:2 | Reached ***** piety under Lugonu
 36254 | Shoals:1 | Found a transporter.
 39021 | Shoals:3 | Noticed Polyphemus
 39037 | Shoals:3 | Slain by a death yak

Illustrated notes

Levels and vault maps discovered:
D:1:      dpeg_arrival_signposts, layout_basic,
          nicolae_concentric_dashed_squares_wild, st_stairs_10
D:2:      layout_loops_ring, serial_shops, shop, nrook_uturn, minmay_hedge_maze,
          chequers_serial_rivers_large_a, uniq_robin
D:3:      layout_basic, mainiacjoe_overflow_brackets, fountainhead,
          kennysheep_orc_chapel, uniq_grinder, uniq_jessica, uniq_sigmund
D:4:      layout_cave_pods, dreamdust_wishing_well, kennysheep_generic_room_6,
          uniq_crazy_yiuf_cottage, uniq_eustachio
D:5:      layout_loops_ring, nicolae_ashenzari_panopticon,
          nicolae_uskayaw_suspiria, nicolae_eternal_life,
          minmay_a_box_with_orc_wizards_in_it, uniq_prince_ribbit1, uniq_pikel,
          uniq_blork_the_orc
D:6:      layout_basic, bloody_trog, nicolae_hepliaklqana_hippocampus,
          grunt_ministairs_6, minivault_14, uniq_jeremiah
D:7:      layout_basic, hellmonk_sif_muna_bookshelves, dk_xom_monty_hall,
          vehumet_statue, minmay_temple_entry_mini_moons, serial_shops, shop
D:8:      layout_basic, dreamdust_gnoll_shepherd
D:9:      layout_roguey [special_room_orc], minitemple, lair_entry_dummy,
          minmay_misc_feat_tiny
D:10:     layout_loops_corners, overflow_temple_1_default, erik_orc_3
D:11:     layout_cave_pools, serial_column_ruins, column_ruins_hut,
          column_ruins_hut_water, column_ruins_open_tiny,
          column_ruins_open_tiny, column_ruins_open_tiny,
          column_ruins_columns_corner, nicolae_figureground_pulse
D:12:     layout_loops_ring, kennysheep_crisscross
D:13:     layout_basic, david_vaults_1, hellmonk_ghost_big_iron, kb_rosetta
D:14:     layout_grid_maze, kennysheep_nondescript,
          nicolae_twisty_statue_hallways
D:15:     gammafunk_enter_depths_forms, layout_cave_pools,
          nicolae_tso_swordbearing_angel, nicolae_shop_firing_range
Lair:1:   layout_long_grid, lemuel_oklob_altar, grunt_megastairs_3
Lair:2:   layout_chaotic_city, nicolae_snake_entry_squirm, serial_forest,
          infiniplex_forest_clump_curved, infiniplex_forest_clump_tiny,
          infiniplex_forest_lined_4_way, infiniplex_forest_clump_long,
          infiniplex_forest_zigzag_2, infiniplex_forest_end_1,
          infiniplex_forest_join, serial_bayou_shore_b, grunt_megastairs_2
Lair:3:   layout_hall_layers, elwin_shoals_entry_stream
Lair:4:   layout_hall_layers
Lair:5:   grunt_lair_end_beastmaster, layout_regular_city,
          nicolae_slime_entry_field_trip, gauntlet_entry_generic,
          eino_small_chamber_without_monster
Shoals:1: layout_shoals, gammafunk_ghost_berserking_beasts,
          nzn_prometheus_bound, uniq_frances
Shoals:2: layout_shoals, uniq_ilsuiw
Shoals:3: layout_shoals, uniq_polyphemus
Snake:1:  nrook_guardian_serpent_snake_passage, layout_chambers, uniq_aizul
Snake:2:  layout_onion, grunt_ministairs_3, drop_trap, serial_bayou_shore_a,
          uniq_mlioglotl
Snake:3:  layout_cave_shapes, portal_ice_cave_entry_ice_statue_one, basic_altar,
          nicolae_shop_i_like_small_books_too, uniq_louise
Snake:4:  johnstein_snake_rune_scales, layout_cave_shapes,
          nicolae_shop_i_like_big_books, grunt_megastairs_5, lemuel_fruit_tree,
          uniq_roxanne
Orc:1:    layout_caves
Orc:2:    st_orc_pillars, layout_diamond_mine, nicolae_volcano_entry_two_sided,
          serial_shops, shop, minmay_orc_temple_b
Elf:1:    elf_arrival_001, layout_geoelf_octagon, minmay_elf_annihilation,
          minivault_27, nicolae_custom_books, minmay_shop_star
Depths:1: layout_gridville, serial_shops, bzr_entry_islet, serial_bayou_pond_c,
          grunt_hell_entry_dis_mu, evilmike_spriggan_trog_shrine,
          uniq_saint_roka

Skill      XL: |  1  2  3  4  5  6  7  8  9 10 11 12 13 14 15 16 17 18 19 |
---------------+----------------------------------------------------------+-----
Short Blades   | 5 6 8 10 14 | 14.0
Throwing       | 1 3 5 |  5.0
Stealth        | 2 5 6 8 10 12 13 15 17 18 19 | 19.4
Armour         | 2 3 4 5 6 7 8 9 10 | 10.0
Dodging        | 3 5 6 7 9 10 12 13 15 16 | 16.9
Fighting       | 5 6 7 8 10 11 12 14 15 | 15.8
Shields        | 1 3 5 6 7 8 9 10 11 | 11.6
Invocations    | 10 12 13 | 13.8

Action                     |  1- 3 |  4- 6 |  7- 9 | 10-12 | 13-15 | 16-18 | 19-21 || total
---------------------------+-------+-------+-------+-------+-------+-------+-------++-------
  Melee: Short sword       |    84 |    44 |   297 |   639 |       |       |       ||  1064
         Punch             |     1 |       |     3 |       |       |       |       ||     4
         Unarmed           |       |    19 |       |       |       |       |       ||    19
         Quick blade       |       |       |       |   642 |  3521 |  2811 |   998 ||  7972
  Throw: Stone             |     2 |       |       |       |       |       |       ||     2
         Dart              |       |       |       |     3 |     2 |       |       ||     5
         Boomerang         |       |       |       |    20 |    15 |    19 |       ||    54
         Throwing net      |       |       |       |       |       |     3 |     2 ||     5
 Invoke: Berserk           |     1 |     1 |     3 |     4 |     7 |     9 |       ||    25
         Trog's Hand       |       |       |       |     1 |     6 |     6 |       ||    13
         Brothers in Arms  |       |       |       |       |     4 |     2 |       ||     6
         Depart the Abyss  |       |       |       |       |       |     1 |       ||     1
         Banish            |       |       |       |       |       |     6 |     1 ||     7
  Evoke: Wand              |       |       |     2 |       |     1 |    11 |       ||    14
         Lightning rod     |       |       |       |       |       |     5 |       ||     5
         Phantom mirror    |       |       |       |       |       |     1 |       ||     1
    Use: Scroll            |       |       |    13 |    14 |     7 |    14 |       ||    48
         Potion            |       |       |       |     5 |     1 |    15 |       ||    21
   Stab: Sleeping          |     3 |     3 |    19 |    30 |    53 |    84 |    27 ||   219
         Distracted        |     1 |       |       |     1 |     5 |    12 |     3 ||    22
         Petrified         |       |       |       |       |     5 |       |       ||     5
         Petrifying        |       |       |       |       |     1 |       |       ||     1
         Paralysed         |       |       |       |       |     1 |       |       ||     1
         Invisible         |       |       |       |       |       |     2 |       ||     2
         Held in net/web   |       |       |       |       |       |       |     1 ||     1
 Armour: Animal skin       |    29 |     5 |       |       |       |       |       ||    34
         Ring mail         |       |    10 |   102 |   226 |       |       |       ||   338
         Skin              |       |     8 |       |       |       |       |       ||     8
         Leather armour    |       |     1 |       |       |       |       |       ||     1
         Scale mail        |       |       |       |    29 |   710 |   476 |   143 ||  1358
  Dodge: Dodged            |    59 |    38 |    99 |   476 |  1170 |   899 |   195 ||  2936
  Block: Kite shield       |       |       |    23 |    67 |   911 |  1145 |   425 ||  2571
         Buckler           |       |       |       |   142 |    82 |       |       ||   224
         Reflection        |       |       |       |       |       |    44 |    14 ||    58

Table legend: (Time is in decaauts)
 A = Elapsed time spent in this place.
 B = Non-inter-level travel time spent in this place.
 C = Inter-level travel time spent in this place.
 D = Time resting spent in this place.
 E = Time spent auto-exploring this place.
 F = Levels seen in this place.
 G = Mean time per level.
                   A        B        C        D        E       F      G
               +--------+--------+--------+--------+--------+-----+--------+
         Total |  37557 |  35559 |   1998 |   2187 |  24784 |  36 | 1043.2 |
       Dungeon |  16246 |  15354 |    892 |    658 |  11792 |  15 | 1083.1 |
          Lair |   6807 |   6165 |    642 |     62 |   4664 |   5 | 1361.4 |
        Shoals |   4122 |   4033 |     89 |    301 |   3001 |   3 | 1374.0 |
     Snake Pit |   4956 |   4717 |    239 |    500 |   2739 |   4 | 1239.0 |
  Orcish Mines |   3236 |   3138 |     98 |    630 |   1566 |   2 | 1618.0 |
   Elven Halls |    173 |    173 |      0 |      0 |     93 |   1 |  173.0 |
        Depths |    137 |    101 |     36 |      3 |      0 |   1 |  137.0 |
         Abyss |    477 |    477 |      0 |      0 |    103 |   3 |  159.0 |
       Volcano |    865 |    865 |      0 |     11 |    556 |   1 |  865.0 |
      Gauntlet |    535 |    535 |      0 |     21 |    269 |   1 |  535.0 |
               +--------+--------+--------+--------+--------+-----+--------+

Top non-repeatable levels by time:
   Orc:2: 2613 daAuts
 Snake:4: 2036 daAuts
Shoals:2: 1677 daAuts
  Lair:3: 1665 daAuts
  Lair:2: 1592 daAuts
  Lair:1: 1566 daAuts
    D:10: 1557 daAuts
 Snake:1: 1480 daAuts
Shoals:1: 1301 daAuts
     D:3: 1299 daAuts
     D:9: 1292 daAuts
    D:14: 1227 daAuts
 Snake:3: 1213 daAuts
  Lair:5: 1180 daAuts
Shoals:3: 1142 daAuts
